 Dungeon Crawl Stone Soup version 0.17.0 (webtiles) character file.

81 Softman25 the Shield-Bearer (level 4, 0/41 HPs)
             Began as a Minotaur Fighter on Nov 17, 2015.
             Slain by an orc priest
             ... wielding a +0 club
              (2 damage)
             ... on level 3 of the Dungeon.
             The game lasted 00:09:16 (1325 turns).

Softman25 the Shield-Bearer (Minotaur Fighter)      Turns: 1325, Time: 00:09:16

Health: 0/41       AC: 13    Str: 22    XL:     4   Next: 19%
Magic:  3/3        EV:  4    Int:  5    God:
Gold:   101        SH:  9    Dex:  9    Spells: 0 memorised, 3 levels left

rFire  . . .     SeeInvis .     g - -3 dagger (curse)
rCold  . . .     Clarity  .     l - +0 plate armour
rNeg   . . .     SustAt   .     c - +0 shield
rPois  .         Gourm    .     (helmet restricted)
rElec  .         Spirit   .     k - +0 cloak
rCorr  .         Warding  .     (no gloves)
rMut   .         Stasis   .     (no boots)
MR     .....                    (no amulet)
Stlth  ..........               (no ring)
                                (no ring)

@: not resistant to hostile enchantments, extremely unstealthy
A: retaliatory headbutt, horns 2
a: no special abilities


You were on level 3 of the Dungeon.
You were not hungry.

You visited 1 branch of the dungeon, and saw 3 of its levels.

You collected 101 gold pieces.

Inventory:

Hand Weapons
 a - a +0 war axe
 g - a cursed -3 dagger (weapon)
 j - a +0 whip
 m - a +0 hunting sling
 s - a +0 flail
Missiles
 e - 18 poisoned arrows
 n - 27 stones (quivered)
 o - 10 arrows
 q - 59 bolts
Armour
 b - a +0 scale mail
 c - a +0 shield (worn)
 i - a +0 chain mail
 k - a +0 cloak (worn)
 l - a +0 plate armour (worn)
Scrolls
 r - a scroll of identify
 t - a scroll of fear {unknown}
Potions
 d - 2 potions of might
 p - a potion of agility {unknown}
Comestibles
 f - a beef jerky
 h - 2 meat rations


   Skills:
 * Level 4.3 Fighting
 - Level 2.5(2.6) Axes
 * Level 0.8(1.8) Maces & Flails
 + Level 4.3 Armour
 + Level 0.7 Dodging
 + Level 4.7 Shields


You had 3 spell levels left.
You didn't know any spells.

Dungeon Overview and Level Annotations

Branches:
Dungeon (3/15)

Altars:


Innate Abilities, Weirdness & Mutations

You reflexively headbutt those who attack you in melee.
You have a pair of horns on your head.


Message History

The orc priest looks braver for a moment.
You hit the orc priest but do no damage.
The orc priest looks braver for a moment.
You hit the orc priest but do no damage.
You block the orc priest's attack.
Your shield prevents you from hitting the orc priest.
You headbutt the orc priest, but do no damage.
You block the orc priest's attack.
You closely miss the orc priest. Your headbutt misses the orc priest.
You block the orc priest's attack.
Your shield and plate armour prevent you from hitting the orc priest.
You headbutt the orc priest.
The orc priest is moderately wounded.
The orc priest calls down the wrath of Beogh upon you.
Something smites you!
* * * LOW HITPOINT WARNING * * *
You hit the orc priest.
The orc priest is moderately wounded.
The orc priest hits you with a club.
You die...

#......# #.# #.##
#......# #.# #..#
#......###.####.##
#......#.........# #
#......#.#######.# .# #
###......# ###
#.##.#.##. #......# #.#
#.........
#......###.####.#.#.##.
#......#.o@.......#
###...<..#(#.##.##..#
#........#(#........#
####.#......(.#.#.##...#
#............(..#.##...#
#..#.#......#####... ..#
#............rw..####..#
#..#.#........#.........
#.............'.....$..


You could see an orc priest.

Vanquished Creatures
  Terence (D:2)
  2 adders (D:2)
  A worm (D:3)
  An orc (D:3)
  3 bats
  3 giant cockroaches
  3 hobgoblins
  3 kobolds (D:1)
  A quokka (D:3)
  A ball python (D:1)
  A giant newt (D:2)
  7 goblins
  2 jackals (D:1)
  4 rats
33 creatures vanquished.

Notes
Turn   | Place    | Note
--------------------------------------------------------------
     0 | D:1      | Softman25 the Minotaur Fighter began the quest for the Orb.
     0 | D:1      | Reached XP level 1. HP: 19/19 MP: 0/0
    71 | D:1      | Reached skill level 4 in Fighting
   116 | D:1      | Reached XP level 2. HP: 25/27 MP: 1/1
   810 | D:2      | Reached XP level 3. HP: 30/33 MP: 2/2
   823 | D:2      | Noticed Terence
   859 | D:2      | Killed Terence
   928 | D:2      | Reached XP level 4. HP: 36/40 MP: 3/3
  1324 | D:3      | HP: 2/41 [orc priest/divine providence (9)]
  1325 | D:3      | Slain by an orc priest

Action                   |  1- 3 |  4- 6 || total
-------------------------+-------+-------++-------
Melee: Dagger            |   149 |    38 ||   187
       War axe           |     8 |       ||     8
Throw: Stone             |       |     6 ||     6
  Use: Scroll            |     2 |       ||     2
       Potion            |     1 |       ||     1
  Eat: Bread ration      |     1 |       ||     1
